 Dungeon Crawl Stone Soup version 0.28-a0-697-g47f3eba078 (webtiles) character file.

Game seed: 7714856995813896897

86 SmokeWeed the Slasher (level 4, -7/33 HPs)
             Began as a Demonspawn Gladiator on Oct 24, 2021.
             Mangled by an orc (9 damage)
             ... on level 3 of the Dungeon.
             The game lasted 00:04:13 (1831 turns).

SmokeWeed the Slasher (Demonspawn Gladiator)        Turns: 1831, Time: 00:04:13

Health: -7/33      AC: 14    Str: 15    XL:     4   Next: 26%
Magic:  4/4        EV:  7    Int: 10    God:
Gold:   106        SH:  6    Dex: 14    Spells: 3/3 levels left

rFire   . . .      SeeInvis .   a - +0 long sword
rCold   . . .      Faith    .   (no shield)
rNeg    . . .      Spirit   .   e - +0 chain mail
rPois   .          Reflect  .   c - +0 helmet
rElec   .          Harm     .   (no cloak)
rCorr   .          Rampage  .   p - +0 pair of gloves
Will    .....                   (no boots)
Stlth   ..........              (no amulet)
HPRegen 0.11/turn               k - +4 ring of protection
MPRegen 0.09/turn               (no ring)

@: no status effects
A: large bone plates 2
a: no special abilities


You were on level 3 of the Dungeon.
You visited 1 branch of the dungeon, and saw 3 of its levels.

You collected 106 gold pieces.

Inventory:

Hand Weapons
 a - a +0 long sword (weapon)
 m - a +0 dagger of speed
Missiles
 d - 2 throwing nets (quivered)
 g - 54 stones
 h - 45 bolts
Armour
 c - a +0 helmet (worn)
 e - a +0 chain mail (worn)
 p - a +0 pair of gloves (worn)
Jewellery
 k - a +4 ring of protection (left hand)
Scrolls
 f - a scroll of magic mapping {unknown}
 j - a scroll of identify {unknown}
 l - a scroll of fear {unknown}
 n - a scroll of teleportation {unknown}
Potions
 i - a potion of haste {unknown}
 o - a potion of brilliance {unknown}


   Skills:
 * Level 2.2 Fighting
 * Level 3.8 Long Blades
 + Level 1.9 Throwing
 * Level 1.5 Armour
 + Level 2.9 Dodging
 + Level 0.1 Shields


You had 3 spell levels left.
You didn't know any spells.
Your spell library was empty.

Dungeon Overview and Level Annotations

Branches:
Dungeon (3/15)

Altars:
Gozag


Innate Abilities, Weirdness & Mutations

You are mostly covered in large bone plates. (SH +6)


Message History

The orc priest is moderately wounded.
You block the orc's attack.
The orc priest begins to cast a cantrip, but forgets the words!
The orc closely misses you. You block the orc's attack.
The orc priest looks encouraged for a moment.
You hit the orc priest but do no damage.
The orc priest is moderately wounded.
The orc hits you but does no damage. x2
The orc priest hits you but does no damage.
You closely miss the orc priest.
The orc priest is moderately wounded.
The orc completely misses you. The orc hits you but does no damage.
The orc priest invokes the aid of Beogh against you.
Beogh smites you! The orc closely misses you.
You barely miss the orc priest.
The orc priest is moderately wounded.
You block the orc's attack.
The orc priest hits you but does no damage.
The orc hits you with a +0 morningstar.
* * * LOW HITPOINT WARNING * * *
Throw: 3 throwing nets
Press: ? - help, Q - select action, (/) - cycle Shift-Dir - straight line, f - orc priest
Aim: an orc priest, wielding a +0 mace and wearing a +0 leather armour (moderately wounded, 59% to hit)
You throw a throwing net. The throwing net hits the orc priest.
The orc priest is caught in the net!
The orc priest is moderately wounded.
You block the orc's attack.
The orc priest casts a cantrip, but nothing happens.
The orc priest struggles against the net.
The orc hits you with a +0 morningstar.
* * * LOW HITPOINT WARNING * * *
Your chain mail prevents you from hitting the orc priest.
The orc priest is moderately wounded.
The orc barely misses you. x2
You hit the orc priest.
The orc priest is severely wounded.
You block the orc's attack.
The orc priest struggles against the net.
The orc hits you with a +0 morningstar!
You die...

#.....###........# #.#.⌠.##.#
#.##..# #.....##.# #.#...##.###
###.....###..##.##[###.##>##..##.
.....#.....#.##)........###.#.##.
###..#.#...#.#####.####..........
#........#.......#.# #.#........
..##......÷........# #.##.##.#..
####..#########...## #.......#..
####..# #.@.# ####....#.# ......#
#ooo########.##.#.# ##..####
#..........#.##.#.# #......#
######...##.##..#......#
#...##.###...............##.#.###
....#.#....................###...
....##.###................#.#.#.#
##.....# ######...##.#....##..#.#
######.# #...........##.##.#


You could see an orc priest (caught) and 2 orcs.

Vanquished Creatures
  An orc wizard (D:3)
  2 adders (D:3)
  A worm (D:2)
  A dart slug (D:2)
  5 orcs (D:3)
  2 ball pythons (D:3)
  5 endoplasms
  2 giant cockroaches (D:2)
  4 goblins
  4 hobgoblins
  2 bats (D:2)
  A frilled lizard (D:3)
  3 kobolds (D:2)
33 creatures vanquished.

Notes
Turn   | Place    | Note
-------+----------+-------------------------------------------
     0 | D:1      | SmokeWeed the Demonspawn Gladiator began the quest for the
                  | Orb.
     0 | D:1      | Reached XP level 1. HP: 16/16 MP: 1/1
     9 | D:1      | You fall into a shaft and drop 1 floor!
   184 | D:2      | Gained mutation: You are partially covered in large bone
                  | plates. (SH +4) [demonic ancestry]
   184 | D:2      | Reached XP level 2. HP: 18/22 MP: 2/2
   189 | D:2      | Reached skill level 3 in Long Blades
  1172 | D:3      | Reached XP level 3. HP: 16/27 MP: 3/3
  1335 | D:3      | Found an opulent altar of Gozag.
  1545 | D:3      | Reached skill level 1 in Armour
  1616 | D:3      | Gained mutation: You are mostly covered in large bone
                  | plates. (SH +6) [demonic ancestry]
  1616 | D:3      | Reached XP level 4. HP: 33/33 MP: 4/4
  1831 | D:3      | Mangled by an orc

Illustrated notes

Levels and vault maps discovered:
D:1:      dpeg_arrival_boxes_within_box, layout_basic,
          shapermc_ecumenical_altar_acropolis, corexii_item_surrounded_by_moat,
          lemuel_flame_loot_1
D:2:      layout_basic
D:3:      layout_loops_cross, nicolae_gozag_seed_capital, grunt_ministairs_4

Skill      XL: |  1  2  3 |
---------------+----------+-----
Long Blades    | 3 |  3.8
Armour         | 1 |  1.5
Fighting       | |  2.2
Throwing       | |  1.9
Dodging        | |  2.9
Shields        | |  0.1

Action                   |  1- 3 |  4- 6 || total
-------------------------+-------+-------++-------
Melee: Long sword        |    94 |     9 ||   103
       Dagger            |       |    10 ||    10
Throw: Stone             |     8 |       ||     8
       Throwing net      |     1 |     1 ||     2
  Use: Scroll            |     3 |       ||     3
Armor: Leather armour    |     3 |       ||     3
       Chain mail        |    43 |    13 ||    56
Dodge: Dodged            |    38 |     9 ||    47
Block: Other             |    10 |     9 ||    19

Table legend: (Time is in decaauts)
 A = Elapsed time spent in this place.
 B = Non-inter-level travel time spent in this place.
 C = Inter-level travel time spent in this place.
 D = Time resting spent in this place.
 E = Time spent auto-exploring this place.
 F = Levels seen in this place.
 G = Mean time per level.
                   A        B        C        D        E       F      G
               +--------+--------+--------+--------+--------+-----+--------+
         Total |   1850 |   1784 |     66 |    114 |   1331 |   3 |  616.7 |
       Dungeon |   1850 |   1784 |     66 |    114 |   1331 |   3 |  616.7 |
               +--------+--------+--------+--------+--------+-----+--------+

Top non-repeatable levels by time:
     D:2: 1043 daAuts
     D:3: 797 daAuts
     D:1: 9 daAuts
